 Dungeon Crawl Stone Soup version 0.19-a0-1292-g796ee4d (webtiles) character file.

811 JustSomeDude the Shield-Bearer (level 7, -19/55 HPs)
             Began as a Demonspawn Fighter on Aug 30, 2016.
             Was an Initiate of Okawaru.
             Demolished by a hill giant
             ... wielding a +0 giant spiked club
              (33 damage)
             ... on level 5 of the Dungeon.
             The game lasted 00:09:10 (4478 turns).

JustSomeDude the Shield-Bearer (Demonspawn Fighter) Turns: 4478, Time: 00:09:10

Health: -19/55     AC: 16    Str: 18    XL:     7   Next: 61%
Magic:  7/7        EV:  8    Int: 10    God:    Okawaru [......]
Gold:   215        SH:  9    Dex: 10    Spells: 0 memorised, 6 levels left

rFire  . . .     SeeInvis .     y - +2 trident (flame)
rCold  . . .     Gourm    .     b - +0 scale mail
rNeg   . . .     Faith    .     c - +0 shield
rPois  .         Spirit   .     (helmet restricted)
rElec  .         Dismiss  .     (no cloak)
rCorr  .         Reflect  .     g - +0 pair of gloves
MR     .....     Harm     .     p - +2 pair of boots
Stlth  ..........               e - amulet of regeneration
                                (no ring)
                                (no ring)

@: very slightly contaminated, hasted, very quick
A: horns 1, rough black scales 2, powered by death 1
a: Renounce Religion


You were on level 5 of the Dungeon.
You worshipped Okawaru.
Okawaru was noncommittal.
You were not hungry.

You visited 2 branches of the dungeon, and saw 6 of its levels.

You collected 215 gold pieces.

Inventory:

Hand Weapons
 a - a +0 war axe
 y - a +2 trident of flaming (weapon)
Armour
 b - a +0 scale mail (worn)
 c - a +0 shield (worn)
 g - a +0 pair of gloves (worn)
 p - a +2 pair of boots (worn)
Jewellery
 e - an amulet of regeneration (around neck)
Scrolls
 i - a scroll of noise {unknown}
 j - a scroll of amnesia {unknown}
 k - a scroll of magic mapping {unknown}
 l - 4 scrolls of identify {unknown}
 m - 2 scrolls of immolation {unknown}
 n - a scroll of fear {unknown}
 q - a scroll of enchant armour {unknown}
 t - 6 scrolls of remove curse {unknown}
 u - a scroll of recharging {unknown}
Potions
 d - a potion of curing
 o - a potion of haste
 r - a potion of resistance {unknown}
 v - a potion of heal wounds {unknown}
Books
 w - a book of Conjurations

   Spells                             Type                      Level
   a - Magic Dart                     Conjuration                  1
   b - Searing Ray                    Conjuration                  2
   c - Dazzling Spray                 Conjuration/Hexes            3
   d - Fulminant Prism                Conjuration/Hexes            4
   e - Iskenderun's Mystic Blast      Conjuration                  4
   f - Iskenderun's Battlesphere      Conjuration/Charms           5
Comestibles
 f - 3 bread rations
 h - 2 fruits
 s - 2 beef jerkies


   Skills:
 + Level 4.6 Fighting
 - Level 3.6 Axes
 + Level 4.1 Armour
 + Level 3.1 Dodging
 + Level 1.1 Stealth
 + Level 4.7 Shields


You had 6 spell levels left.
You didn't know any spells.

Dungeon Overview and Level Annotations

Branches:
Dungeon (5/15)             Temple (1/1) D:5

Altars:
Ashenzari
Cheibriados
Dithmenos
Elyvilon
Fedhas
Gozag
Makhleb
Nemelex Xobeh
Okawaru
Qazlal
Ru
Sif Muna
Trog
Xom
Zin


Innate Abilities, Weirdness & Mutations

You have a pair of small horns on your head.
You are mostly covered in rough black scales. (AC +5, Dex -2)
You regenerate a little health from kills.


Message History

The hill giant is lightly wounded.
You puncture the hill giant! You burn the hill giant.
The hill giant is moderately wounded.
The hill giant hits you with a giant spiked club!
Your shield and scale mail prevent you from hitting the hill giant.
The hill giant is moderately wounded.
The hill giant hits you with a giant spiked club!!
* * * LOW HITPOINT WARNING * * *
You puncture the hill giant! You burn the hill giant.
You headbutt the hill giant.
The hill giant is severely wounded.
You barely miss the hill giant.
The hill giant is severely wounded.
The hill giant barely misses you.
You hit the hill giant. You burn the hill giant.
Your headbutt misses the hill giant.
The hill giant is severely wounded.
The hill giant hits you with a giant spiked club!!
Ouch! That really hurt!
You die...

##########.###.....##.#
#
.............'.....>..#
####.#.##..##.....##.##
#.......##.....##..###
##.####.#########....#
#######.####.#
#####.#.#
...........#.#
#.....#..
########.#.#.#
#.#####..
#.C@#.######.# #..
##...........#####..
#.....###.......#..
##.#..# #.......###
###.#..# #.......###
#......# #.......##.
###....# #.......##.
#....###..........
#....#..#.........


You could see a hill giant.

Vanquished Creatures
  Menkaure (D:4)
  A giant frog (D:4)
  A scorpion (D:4)
  A howler monkey (D:4)
  A gnoll shaman (D:4)
  4 hounds
  An orc priest (D:4)
  2 orc wizards (D:4)
  Jessica (D:3)
  A worker ant (D:5)
  A hound skeleton (D:5)
  Robin (D:4)
  5 adders
  5 gnolls
  2 oozes
  An adder skeleton (D:4)
  4 worms
  A dart slug (D:3)
  5 giant geckos
  10 orcs (D:4)
  A ball python (D:1)
  8 bats
  7 giant cockroaches
  15 goblins
  8 hobgoblins
  7 jackals
  A quokka (D:3)
  A giant gecko skeleton (D:5)
  A giant gecko zombie (D:5)
  3 giant newts
  11 kobolds
  9 rats
121 creatures vanquished.

Notes
Turn   | Place    | Note
-------+----------+-------------------------------------------
     0 | D:1      | JustSomeDude the Demonspawn Fighter began the quest for the Orb.
     0 | D:1      | Reached XP level 1. HP: 18/18 MP: 1/1
   104 | D:1      | Gained mutation: You regenerate a little health from kills. [demonic ancestry]
   104 | D:1      | Reached XP level 2. HP: 18/24 MP: 2/2
   500 | D:1      | Reached XP level 3. HP: 24/29 MP: 3/3
   941 | D:2      | Reached skill level 1 in Dodging
  1112 | D:2      | Reached XP level 4. HP: 35/35 MP: 4/4
  1920 | D:3      | You fall through a shaft for 2 floors!
  1920 | D:5      | Entered Level 5 of the Dungeon
  1935 | D:5      | Gained mutation: You are partially covered in rough black scales. (AC +2, Dex -1) [demonic ancestry]
  1935 | D:5      | Reached XP level 5. HP: 41/41 MP: 5/5
  2010 | D:4      | Found a glowing silver altar of Zin.
  2396 | D:3      | Noticed Jessica
  2406 | D:3      | Killed Jessica
  2799 | D:4      | Gained mutation: You have a pair of small horns on your head. [demonic ancestry]
  2799 | D:4      | Reached XP level 6. HP: 43/48 MP: 6/6
  2904 | D:4      | Found an opulent altar of Gozag.
  2991 | D:4      | Noticed Menkaure
  2997 | D:4      | Killed Menkaure
  3037 | D:4      | Reached skill level 1 in Stealth
  3037 | D:4      | Gained mutation: You are mostly covered in rough black scales. (AC +5, Dex -2) [demonic ancestry]
  3037 | D:4      | Reached XP level 7. HP: 30/54 MP: 7/7
  3486 | D:4      | Found a shattered altar of Ashenzari.
  3498 | D:4      | Noticed Robin
  3519 | D:4      | Killed Robin
  3557 | D:4      | Found a white marble altar of Elyvilon.
  3584 | D:4      | Found a sparkling altar of Nemelex Xobeh.
  3920 | D:5      | Found a blossoming altar of Fedhas.
  3961 | D:5      | Found a staircase to the Ecumenical Temple.
  4043 | D:5      | Noticed a moth of wrath
  4046 | D:5      | Found a bloodstained altar of Trog.
  4109 | D:5      | Noticed a hill giant
  4143 | Temple   | Entered the Ecumenical Temple
  4399 | Temple   | Became a worshipper of Warmaster Okawaru
  4478 | D:5      | Demolished by a hill giant

Vault maps used:
D:1:      lightli_arrival_quake
D:3:      uniq_jessica
D:4:      lemuel_crystal_altar, old_standard_altar,
          nicolae_gozag_cash_rules_everything_around_me, kennysheep_mini_moat,
          nemelex_xobeh_ov_fountains_minmay, uniq_robin, uniq_menkaure
D:5:      tgw_trog, first_bread, fedhas_altar_2
Temple:   compressed_dpeg_triangle_lava_temple

Skill      XL: |  1  2  3  4  5  6  7 |
---------------+----------------------+-----
Shields        | 3 4 |  4.7
Armour         | 3 4 |  4.1
Dodging        | 1 2 3 |  3.1
Axes           | 2 3 |  3.6
Fighting       | 4 |  4.6
Stealth        | 1 |  1.1

Action                   |  1- 3 |  4- 6 |  7- 9 || total
-------------------------+-------+-------+-------++-------
Melee: War axe           |   117 |   195 |   148 ||   460
       Headbutt          |       |     7 |    21 ||    28
       Trident           |       |       |    10 ||    10
  Use: Potion            |       |     1 |     2 ||     3
  Eat: Chunk             |     1 |     2 |     4 ||     7
       Meat ration       |       |     1 |       ||     1
       Bread ration      |       |       |     1 ||     1
Armor: Scale mail        |    84 |   109 |    94 ||   287
Dodge: Dodged            |    61 |    67 |    81 ||   209
Block: Shield            |    70 |    95 |   102 ||   267
